 Dungeon Crawl Stone Soup version 0.21.1-82-gafb53d1 (webtiles) character file.

1719 captivecurve the Basher (level 8, -5/64 HPs)
             Began as a Minotaur Fighter on Sept 14, 2018.
             Was a Believer of Makhleb.
             Slain by a wight
             ... wielding a cursed +4 halberd
              (6 damage)
             ... on level 9 of the Dungeon.
             The game lasted 00:50:00 (5295 turns).

captivecurve the Basher (Minotaur Fighter)          Turns: 5295, Time: 00:50:01

Health: -5/64      AC: 13    Str: 21    XL:     8   Next: 75%
Magic:  7/7        EV:  3    Int:  6    God:    Makhleb [**....]
Gold:   357        SH:  9    Dex: 11    Spells: 7/7 levels left

rFire    . . .     SeeInvis .   a - +1 flail
rCold    . . .     Gourm    .   c - +0 shield
rNeg     . . .     Faith    .   C - +0 plate armour
rPois    +         Spirit   .   (helmet restricted)
rElec    .         Reflect  .   g - +1 cloak
rCorr    .         Harm     .   (no gloves)
MR       +....                  (no boots)
Stlth    ..........             (no amulet)
HPRegen  0.20/turn              B - ring of poison resistance
MPRegen  0.10/turn              A - ring of protection from magic

@: very slightly contaminated
A: retaliatory headbutt, horns 2
a: Minor Destruction, Renounce Religion


You were on level 9 of the Dungeon.
You worshipped Makhleb.
Makhleb was pleased with you.
You were very full.

You visited 2 branches of the dungeon, and saw 9 of its levels.
You also visited: Ossuary.

You collected 357 gold pieces.

Inventory:

Hand Weapons
 a - a +1 flail (weapon)
Armour
 b - a +0 scale mail
 c - a +0 shield (worn)
 g - a +1 cloak (worn)
 C - a +0 plate armour (worn)
Magical Staves
 s - an uncursed staff of air
Jewellery
 x - an uncursed amulet of harm
 z - an uncursed ring of magical power
 A - a ring of protection from magic (right hand)
 B - a ring of poison resistance (left hand)
 G - a cursed amulet of inaccuracy
Wands
 n - a wand of flame (27)
 w - a wand of random effects (19)
 y - a wand of acid (9)
Scrolls
 j - 2 scrolls of enchant weapon
 k - 5 scrolls of remove curse
 p - 3 scrolls of identify
 u - a scroll of teleportation
 v - a scroll of immolation
 D - a scroll of enchant armour {unknown}
 E - a scroll of amnesia
 F - a scroll of noise {unknown}
 I - a scroll of fog {unknown}
Potions
 d - 2 potions of might
 e - 4 potions of haste
 h - a potion of mutation {unknown}
 i - a potion of ambrosia {unknown}
 l - 2 potions of agility {unknown}
 m - 2 potions of degeneration {unknown}
 q - a potion of magic {unknown}
 r - 2 potions of lignification
 t - a potion of brilliance {unknown}
 H - a potion of heal wounds {unknown}
 J - a potion of flight {unknown}
Comestibles
 f - 6 rations
 L - a chunk of flesh


   Skills:
 - Level 3.6 Fighting
 + Level 13.1 Maces & Flails
 - Level 3.6 Armour
 - Level 3.6 Shields


You had 7 spell levels left.
You didn't know any spells.

Dungeon Overview and Level Annotations

Branches:
Dungeon (7/15)             Temple (1/1) D:6

Altars:
Makhleb
Zin

Annotations:
D:7 exclusion: ice statue


Innate Abilities, Weirdness & Mutations

You reflexively headbutt those who attack you in melee.
You have a pair of horns on your head.


Message History

A bullfrog comes into view.
As you read the scroll of identify, it crumbles to dust.
r - 2 potions of lignification Your surroundings suddenly seem different.
A gnoll comes into view. It is wielding a club.
The gnoll shouts!
You hear a shout!
A hound, a gnoll and 2 wights come into view.
None of your equipped items are cursed.
As you read the scroll of magic mapping, it crumbles to dust.
You feel aware of your surroundings.
You sensed 2 altars.
The hound barks!
An ice beast, a gnoll and a gnoll sergeant come into view.
The hound bites you but does no damage.
Your plate armour prevents you from hitting the hound.
Your headbutt misses the hound. The hound bites you.
* * * LOW HITPOINT WARNING * * *
A wight comes into view. It is wielding a dagger.
The hound bites you but does no damage. x2
The wight hits you from afar with an enchanted halberd.
You die...

*,,,,,,,,,**,*,,,,,,,**,,,,,,,,,*
,,,,***,,,...#.z.....#*,,,,,,,,,*
,,,,,*,,,,,...z......#*,,,,,,**,*
,,*,,*,,*.,,.........**,,,,,,**,*
..#******..,,..g.gY.,**,,,,,,**,*
..#,,*,,*...**..z..,,**,,,,,,**,*
?.,,,*,,,....*
.,,,***,,.....##..#,*******,*,*,,
**,,,,,,*##.....@.#,* *****,*<*,,
*,,,,,,,,#.....h..#,***,,,,,***,,
*,,*,,*,,#..#...###,,,,,,,,,,,,,,
#***,,***#**#...***,,,,,,,,,,****
#,,*,,*,,*,,#...,**,,,,,,,,,,,,,,
#,,,,,,,,*,.....,,*,,,,,,,,,,****
#*,,,,,,**#.....,,,,,,,,,*,,,*
..,,***,,....###,,,,******,******
....,*,,,....,*,,,,,* *,*,,,,*


You could see an ice beast, a gnoll sergeant, a hound, 4 wights and 3 gnolls.

Vanquished Creatures
  Eustachio (D:6)
  A hungry ghost (D:7)
  Menkaure (D:5)
  A sky beast (D:6)
  A phantom (D:6)
  The ghost of Yermak the Grave Robber, an amateur OpNe (D:3)
  A bullfrog (D:6)
  A scorpion (D:6)
  A crimson imp (D:6)
  4 bullfrog zombies (Ossuary)
  A hound (D:4)
  A centaur zombie (Ossuary)
  An orc priest (D:4)
  8 orc wizards
  Natasha (twice) (D:3)
  A worker ant (D:4)
  2 hound zombies (Ossuary)
  14 mummies (Ossuary)
  A howler monkey zombie (Ossuary)
  Robin (D:3)
  A worker ant zombie (Ossuary)
  4 adders
  An ooze (D:2)
  5 adder zombies
  2 worms
  3 dart slugs (D:2)
  3 leopard geckos
  13 orcs
  3 bats (D:1)
  6 giant cockroaches
  14 goblins
  9 hobgoblins
  2 jackals (D:5)
  A quokka (D:4)
  3 ball pythons
  5 frilled lizards
  3 giant cockroach zombies (Ossuary)
  A jackal skeleton (D:4)
  A jackal zombie (Ossuary)
  9 kobolds
  3 leopard gecko zombies
  A quokka zombie (Ossuary)
  7 rats
  A withered plant (Ossuary)
146 creatures vanquished.

Vanquished Creatures (others)
  2 withered plants (Ossuary)
2 creatures vanquished.

Grand Total: 148 creatures vanquished

Notes
Turn   | Place    | Note
-------+----------+-------------------------------------------
     0 | D:1      | captivecurve the Minotaur Fighter began the quest for the Orb.
     0 | D:1      | Reached XP level 1. HP: 19/19 MP: 0/0
   262 | D:1      | Reached skill level 3 in Maces & Flails
   382 | D:1      | Reached XP level 2. HP: 26/26 MP: 1/1
   828 | D:1      | Reached skill level 4 in Maces & Flails
  1106 | D:2      | Reached XP level 3. HP: 31/31 MP: 2/2
  1483 | D:2      | Reached skill level 5 in Maces & Flails
  1882 | D:3      | Noticed Robin
  1883 | D:3      | Reached XP level 4. HP: 39/39 MP: 3/3
  1931 | D:3      | Killed Robin
  2017 | D:3      | Noticed Natasha
  2027 | D:3      | Killed Natasha
  2027 | D:3      | Reached skill level 6 in Maces & Flails
  2541 | D:3      | Noticed Natasha
  2556 | D:3      | Killed Natasha
  2556 | D:3      | Reached XP level 5. HP: 31/45 MP: 4/4
  2860 | D:3      | Noticed Yermak's ghost (amateur OpNe)
  2944 | D:3      | Killed Yermak's ghost
  2944 | D:3      | Reached skill level 7 in Maces & Flails
  3230 | D:4      | Reached XP level 6. HP: 51/51 MP: 5/5
  3316 | D:4      | Reached skill level 8 in Maces & Flails
  3498 | D:4      | Found a burning altar of Makhleb.
  3498 | D:4      | Found a glowing silver altar of Zin.
  3499 | D:4      | Noticed an angel
  3499 | D:4      | Noticed a green death
  3515 | D:4      | Became a worshipper of Makhleb the Destroyer
  3570 | D:4      | Reached skill level 9 in Maces & Flails
  3742 | D:4      | Reached XP level 7. HP: 51/57 MP: 6/6
  3938 | D:5      | Entered Level 5 of the Dungeon
  4247 | D:5      | Found a sand-covered staircase.
  4293 | Ossuary  | Entered an ossuary
  4342 | Ossuary  | Reached * piety under Makhleb
  4413 | Ossuary  | Reached skill level 10 in Maces & Flails
  4622 | Ossuary  | Reached skill level 11 in Maces & Flails
  4710 | D:6      | Noticed Eustachio
  4710 | D:6      | Noticed Menkaure
  4715 | D:5      | Killed Menkaure
  4715 | D:5      | Reached XP level 8. HP: 64/64 MP: 7/7
  4751 | D:5      | Reached ** piety under Makhleb
  4780 | D:6      | Killed Eustachio
  4787 | D:6      | Reached skill level 12 in Maces & Flails
  4966 | D:6      | Found a staircase to the Ecumenical Temple.
  5006 | Temple   | Entered the Ecumenical Temple
  5150 | D:7      | Reached skill level 13 in Maces & Flails
  5223 | D:7      | Noticed an ice statue
  5278 | D:7      | You fall through a shaft for 2 floors!
  5278 | D:9      | Noticed a meliai
  5289 | D:9      | HP: 1/64 [meliai/divine providence (13)]
  5294 | D:9      | HP: 1/64 [hound (1)]
  5295 | D:9      | Slain by a wight

Skill      XL: |  1  2  3  4  5  6  7  8 |
---------------+-------------------------+-----
Maces & Flails | 3 4 5 6 7 9 11 13 | 13.1
Fighting       | |  3.6
Armour         | |  3.6
Shields        | |  3.6

Action                   |  1- 3 |  4- 6 |  7- 9 || total
-------------------------+-------+-------+-------++-------
Melee: Flail             |    87 |   136 |   228 ||   451
       Headbutt          |     6 |    22 |    38 ||    66
  Use: Scroll            |     8 |     5 |     7 ||    20
       Potion            |       |     2 |       ||     2
  Eat: Ration            |     1 |     2 |     3 ||     6
       Chunk             |       |       |     2 ||     2
Armor: Scale mail        |    39 |    45 |    18 ||   102
       Plate armour      |       |       |    74 ||    74
Dodge: Dodged            |    22 |    29 |    35 ||    86
Block: Shield            |    38 |    64 |    86 ||   188
